 Dungeon Crawl Stone Soup version 0.27-a0-1140-g099f9bb0e8 (webtiles) character file.

Game seed: 18069479120595331946

449 dickylongcocking the Magician (level 7, 0/49 HPs)
             Began as a Djinni Fire Elementalist on May 8, 2021.
             Killed from afar by Dowan (7 damage)
             ... with a stone arrow
             ... on level 4 of the Dungeon.
             The game lasted 00:03:08 (4841 turns).

dickylongcocking the Magician (DjFE)                Turns: 4841, Time: 00:03:09

Health: 0/49       AC:  4    Str:  7    XL:     7   Next: 4%
Gold:   144        EV: 13    Int: 18    God:
                   SH:  0    Dex: 14

rFire    + + +     SeeInvis .   c - +0 dagger
rCold    x . .     Faith    .   (no shield)
rNeg     . . .     Spirit   .   a - +0 robe
rPois    ∞         Reflect  .   q - +0 helmet
rElec    .         Harm     .   s - +0 cloak
rCorr    .         Rampage  .   (no gloves)
Will     .....                  (boots unavailable)
Stlth    ++........             (no amulet)
HPRegen  0.16/turn              j - ring of protection from fire
MPRegen  0.00/turn              (no ring)

@: flying, very slightly contaminated
A: sickness immunity, fire resistance 2, cold vulnerability 1, float, innate
caster, hp casting, extra vitality 1
a: no special abilities


You were on level 4 of the Dungeon.
You visited 1 branch of the dungeon, and saw 4 of its levels.

You collected 144 gold pieces.

Inventory:

Hand Weapons
 c - a +0 dagger (weapon)
 p - a +0 morningstar
Armour
 a - a +0 robe (worn)
 f - a +0 cloak
 q - a +0 helmet (worn)
 s - a +0 cloak (worn)
Magical Staves
 l - a staff of air
Jewellery
 j - a ring of protection from fire (left hand)
Scrolls
 b - a scroll of silence {unknown}
 d - 2 scrolls of magic mapping {unknown}
 e - a scroll of fog {unknown}
 i - a scroll of enchant weapon {unknown}
 k - a scroll of enchant armour {unknown}
 o - a scroll of identify {unknown}
 r - a scroll of blinking {unknown}
 t - 2 scrolls of fear {unknown}
Potions
 g - a potion of lignification {unknown}
 h - a potion of flight {unknown}
 m - a potion of heal wounds {unknown}
 n - 2 potions of haste {unknown}
 u - a potion of curing {unknown}
 v - a potion of cancellation {unknown}


   Skills:
 * Level 2.2 Fighting
 - Level 0.9 Maces & Flails
 - Level 3.3 Dodging
 - Level 2.7 Stealth
 * Level 5.2 Spellcasting


You couldn't memorise any spells.
You knew the following spells:

 Your Spells              Type           Power      Damage    Failure   Level
a - Foxfire               Conj/Fire      92%        2x1d8     1%          1
b - Conjure Flame         Conj/Fire      23%        6-21      4%          3
c - Inner Flame           Hex/Fire       23%        N/A       4%          3
d - Sticky Flame          Conj/Fire      23%        2d4       16%         4
e - Fireball              Conj/Fire      11%        3d7       38%         5
f - Summon Small Mammal   Summ           92%        N/A       1%          1
g - Corpse Rot            Necr/Air       N/A        N/A       2%          2
h - Ensorcelled Hibernat  Hex/Ice        46%        N/A       2%          2
Your spell library was empty.

Dungeon Overview and Level Annotations

Branches:
Dungeon (4/15)
 Temple: D:4-7

Altars:

Annotations:
D:4 Dowan


Innate Abilities, Weirdness & Mutations

You are immune to sickness and miasma.
You are immune to poison.
Your flesh is very heat resistant. (rF++)
You are vulnerable to cold. (rC-)
You float through the air rather than walking.
You learn spells naturally, not from books.
Your magical power is your life essence.
You have superior vitality. (+4 HP)


Message History

Casting: Foxfire (safe; 1% risk of failure)
Confirm with . or Enter, or press ? or * to list all spells.
Okay, then.
Casting: Foxfire (safe; 1% risk of failure)
Confirm with . or Enter, or press ? or * to list all spells.
Aiming: Ensorcelled Hibernation (safe; 2% risk of failure)
Press: ? - help, Shift-Dir - straight line, f - Dowan
Aim: Dowan, wielding a +0 dagger and wearing a +0 robe (heavily wounded, fast, chance to affect: 52%) Dowan looks drowsy...
* * * LOW HITPOINT WARNING * * *
Unknown command.
Unknown command.
You aren't carrying any items that you can evoke.
Okay, then.
c - a +0 dagger (weapon)
The helpless Dowan fails to defend himself.
You puncture Dowan!
Dowan is almost dead.
Dowan closely misses you. Dowan hits you with a +0 dagger.
* * * LOW HITPOINT WARNING * * *
You hit Dowan but do no damage.
Dowan is almost dead.
Dowan closely misses you.
Unknown command.
Casting: Ensorcelled Hibernation (safe; 2% risk of failure)
Confirm with . or Enter, or press ? or * to list all spells.
Okay, then.
Casting: Ensorcelled Hibernation (safe; 2% risk of failure)
Confirm with . or Enter, or press ? or * to list all spells.
The spell is quite dangerous to cast (16% risk of failure)!
Continue anyway?
Aiming: Sticky Flame (quite dangerous; 16% risk of failure)
Press: ? - help, Shift-Dir - straight line, f/p - Dowan
Aim: Dowan, wielding a +0 dagger and wearing a +0 robe (almost dead, fast, 100% to hit)
You miscast Sticky Flame.
You are very lightly contaminated with residual magic.
Nothing appears to happen.
* * * LOW HITPOINT WARNING * * *
Dowan gestures at you while chanting. The stone arrow hits you!
You die...

#.## #........# ###.#
#........# #...##
#.......##
#...#..###.......#
#...######..##......#
.## ##..#.>....#
##..#.....#
###.#...## ##@..##
##e.## ##..#######
###)....J##.
#§.......#
#........."#
##.......)..
#..........
#..........


You could see Dowan (fast).

Vanquished Creatures
  Grinder (D:4)
  Duvessa (D:4)
  A hound (D:4)
  5 adders
  2 worms (D:2)
  2 dart slugs
  An orc (D:4)
  4 ball pythons
  8 endoplasms
  A giant cockroach (D:1)
  A goblin (D:3)
  7 hobgoblins
  2 jackals (D:1)
  4 kobolds
  2 quokkas
  3 bats
  4 frilled lizards
  11 rats
60 creatures vanquished.

Vanquished Creatures (others)
  235 foxfires
235 creatures vanquished.

Grand Total: 295 creatures vanquished

Notes
Turn   | Place    | Note
-------+----------+-------------------------------------------
     0 | D:1      | dickylongcocking the Djinni Fire Elementalist began the
                  | quest for the Orb.
     0 | D:1      | Reached XP level 1. HP: 15/15 MP: 0/0
   109 | D:1      | Found a faded altar of an unknown god.
   133 | D:1      | Reached skill level 3 in Spellcasting
   425 | D:1      | Reached XP level 2. HP: 17/21 MP: 0/0
  2031 | D:2      | Reached XP level 3. HP: 24/25 MP: 0/0
  2031 | D:2      | Learned a level 1 spell: Summon Small Mammal
  2769 | D:2      | Reached XP level 4. HP: 27/31 MP: 0/0
  2981 | D:2      | Reached skill level 4 in Spellcasting
  4581 | D:4      | Noticed Grinder
  4589 | D:4      | Killed Grinder
  4590 | D:4      | Reached skill level 1 in Fighting
  4590 | D:4      | Reached XP level 5. HP: 17/37 MP: 0/0
  4590 | D:4      | Learned a level 2 spell: Corpse Rot
  4590 | D:4      | Reached XP level 6. HP: 19/42 MP: 0/0
  4806 | D:4      | Noticed Dowan
  4807 | D:4      | Noticed Duvessa
  4824 | D:4      | Killed Duvessa
  4825 | D:4      | Reached skill level 5 in Spellcasting
  4825 | D:4      | Reached XP level 7. HP: 20/49 MP: 0/0
  4825 | D:4      | Learned a level 2 spell: Ensorcelled Hibernation
  4841 | D:4      | Killed from afar by Dowan

Illustrated notes

Levels and vault maps discovered:
D:1:      sevenhm_arrival_forest_fort_small_3, layout_basic,
          hellmonk_ecumenical_altar_arch_garden, minmay_split_cup_small
D:2:      layout_basic
D:3:      layout_basic
D:4:      layout_cave_pods, uniq_robin, uniq_duvessa, uniq_grinder

Skill      XL: |  1  2  3  4  5  6 |
---------------+-------------------+-----
Spellcasting   | 3 4 5 |  5.2
Stealth        | 2 |  2.7
Fighting       | 1 2 |  2.2
Dodging        | 3 |  3.3
Maces & Flails | |  0.9

Action                   |  1- 3 |  4- 6 |  7- 9 || total
-------------------------+-------+-------+-------++-------
Melee: Unarmed           |     2 |       |       ||     2
       Dagger            |    15 |       |     2 ||    17
       Staff             |     2 |       |       ||     2
       Morningstar       |       |    17 |       ||    17
 Cast: Foxfire           |    92 |    44 |     7 ||   143
       Summon Small Mamm |     2 |     1 |       ||     3
       Sticky Flame      |       |     3 |       ||     3
       Inner Flame       |       |     1 |       ||     1
       Ensorcelled Hiber |       |       |     1 ||     1
 Stab: Sleeping          |       |       |     1 ||     1
Armor: Robe              |     9 |     5 |       ||    14
Dodge: Dodged            |    34 |    13 |     2 ||    49

Table legend: (Time is in decaauts)
 A = Elapsed time spent in this place.
 B = Non-inter-level travel time spent in this place.
 C = Inter-level travel time spent in this place.
 D = Time resting spent in this place.
 E = Time spent auto-exploring this place.
 F = Levels seen in this place.
 G = Mean time per level.
                   A        B        C        D        E       F      G
               +--------+--------+--------+--------+--------+-----+--------+
         Total |   4846 |   4675 |    171 |      0 |   4139 |   4 | 1211.5 |
       Dungeon |   4846 |   4675 |    171 |      0 |   4139 |   4 | 1211.5 |
               +--------+--------+--------+--------+--------+-----+--------+

Top non-repeatable levels by time:
     D:1: 1937 daAuts
     D:2: 1638 daAuts
     D:3: 1012 daAuts
     D:4: 259 daAuts
